 Dungeon Crawl Stone Soup version 0.17-a0-1650-gce8475a (webtiles) character file.

28 urechis the Chiller (level 3, 0/24 HPs)
             Began as a Merfolk Ice Elementalist on Aug 13, 2015.
             Succumbed to an adder's poison
             ... on level 2 of the Dungeon.
             The game lasted 00:01:48 (1202 turns).

urechis the Chiller (Merfolk Ice Elementalist)      Turns: 1202, Time: 00:01:48

Health: 0/24       AC:  2    Str:  8    XL:     3   Next: 14%
Magic:  0/7        EV: 13    Int: 14    God:
Gold:   32         SH:  0    Dex: 15    Spells: 1 memorised, 7 levels left

rFire  . . .     SeeInvis .     e - -1 club (curse)
rCold  . . .     Clarity  .     a - +0 robe
rNeg   . . .     SustAt   .     (no shield)
rPois  .         Gourm    .     (no helmet)
rElec  .         Spirit   .     (no cloak)
rCorr  .         Warding  .     (no gloves)
rMut   .         Rnd*Tele +     (no boots)
MR     .....                    (no amulet)
Stlth  ++........               (no ring)
                                (no ring)

@: lethally poisoned (0 -> -4), not resistant to hostile enchantments,
unstealthy
A: change form in water, swift swim, teleportitis 1
a: no special abilities


You were on level 2 of the Dungeon.
You were not hungry.

You visited 1 branch of the dungeon, and saw 2 of its levels.

You collected 32 gold pieces.

Inventory:

Hand weapons
 e - a cursed -1 club (weapon)
Armour
 a - a +0 robe (worn)
Jewellery
 k - an uncursed amulet of regeneration {unknown}
Scrolls
 d - 3 scrolls of enchant weapon {unknown}
 h - a scroll of remove curse {unknown}
 j - a scroll of amnesia {unknown}
Books
 b - a book of Frost

   Spells                             Type                      Level
   a - Freeze                         Ice                          1
   b - Throw Frost                    Conjuration/Ice              2
   c - Ozocubu's Armour               Charms/Ice                   3
   d - Throw Icicle                   Conjuration/Ice              4
   e - Summon Ice Beast               Ice/Summoning                4
   f - Condensation Shield            Ice                          4
Comestibles
 c - 4 bread rations
 g - a beef jerky
 i - 3 fruits
 l - a meat ration
 m - 3 chunks of flesh


   Skills:
 - Level 2.6 Dodging
 - Level 2.1 Stealth
 * Level 3.0 Spellcasting
   Level 0.7 Conjurations
 + Level 3.7 Ice Magic


You had 7 spell levels left.
You knew the following spells:

 Your Spells              Type           Power        Failure   Level  Hunger
a - Freeze                Ice            ##..         6%          1    #......


Dungeon Overview and Level Annotations

Branches:
Dungeon (2/15)

Altars:


Innate Abilities, Weirdness & Mutations

You revert to your normal form in water.
You are very nimble and swift while swimming.
You are occasionally teleported to nearby monsters.


Message History

Your magical contamination has completely faded away.
Casting: Freeze
Confirm with . or Enter, or press ? or * to list all spells.
Aiming: Freeze
Press: ? - help, Shift-Dir - straight line, f/p - adder
Aim: an adder (almost dead, slow)
You freeze the adder.
You kill the adder!
Your Spellcasting skill increases to level 3!
You have reached level 3!
Your experience leads to an increase in your attributes!
Increase (S)trength, (I)ntelligence, or (D)exterity?
You feel agile.
* * * LOW HITPOINT WARNING * * *
You feel sick.
Drink which item? (? for menu, Esc to quit)
It was a potion of mutation.
You feel extremely strange.
There is a nasty taste in your mouth for a moment.
You feel an ache in your throat.
You feel weirdly uncertain.
You die...

#.....#
#####+##.#.#######
.......#.#........
.......#)#########
.......#.#
.......#.#
.......#.#
.......#.#
......b@.#
.......### .......
....... #######


You could see a bat.

Vanquished Creatures
  An adder (D:2)
  2 giant cockroaches (D:1)
  4 goblins (D:1)
  3 hobgoblins
  A ball python (D:1)
  4 bats (D:1)
  4 kobolds (D:1)
  A rat (D:1)
20 creatures vanquished.

Notes
Turn   | Place    | Note
--------------------------------------------------------------
     0 | D:1      | urechis the Merfolk Ice Elementalist began the quest for the Orb.
     0 | D:1      | Reached XP level 1. HP: 13/13 MP: 3/3
   625 | D:1      | Reached XP level 2. HP: 19/19 MP: 1/5
  1199 | D:2      | Reached XP level 3. HP: 2/24 MP: 0/7
  1199 | D:2      | HP: 1/24 [poisoned by an adder]
  1200 | D:2      | Gained mutation: You can spit weak poison. [potion of mutation]
  1200 | D:2      | Lost mutation: You can spit weak poison. [potion of mutation]
  1200 | D:2      | Gained mutation: You are occasionally teleported to nearby monsters. [potion of mutation]
  1202 | D:2      | Succumbed to an adder's poison

Vault maps used:
D:1:      saegor_arrival_miasma
D:2:      nicolae_gozag_seed_capital

Action                   || total
-------------------------++-------
Melee: Club              ||    19
 Cast: Freeze            ||    29
  Use: Potion            ||     1
 Stab: Sleeping          ||     1
  Eat: Chunk             ||     1
